 Dungeon Crawl Stone Soup version 0.30-a0-779-g7971cf19c3 (webtiles) character file.

Game seed: 12037854499962659153

192 CowFu the Ruffian (level 5, -1/41 HPs)
             Began as a Ghoul Monk on Feb 17, 2023.
             Was a Priest of Hepliaklqana.
             Slain by an orc
             ... wielding a +0 dagger
              (3 damage)
             ... on level 4 of the Dungeon.
             The game lasted 00:02:56 (2413 turns).

CowFu the Ruffian (Ghoul Monk)                      Turns: 2413, Time: 00:02:56

Health: -1/41      AC:  6    Str: 17    XL:     5   Next: 71%
Magic:  4/4        EV: 13    Int: 11    God:    Hepliaklqana [***...]
Gold:   288        SH:  7    Dex: 11    Spells: 4/4 levels left

rFire   + . .      SeeInvis +    h - +4 war axe "Yjiesch" {heavy, SInv}
rCold   + + .      Faith    .    c - +0 kite shield
rNeg    + + +      Spirit   .    f - +0 scale mail
rPois   ∞          Reflect  .    (no helmet)
rElec   .          Harm     .    e - scarf {rC+ rF+}
rCorr   .          Rampage  .    (no gloves)
Will    .....                    (no boots) Stlth
                                 (no amulet)
HPRegen 0.00/turn                v - +5 ring of evasion
MPRegen 0.09/turn                u - +6 ring of intelligence

@: inhibited regen
A: reduced essence, claws 1, cold resistance 1, negative energy resistance 3,
inhibited regeneration, torment resistance 2, devour on kill
a: Renounce Religion, Recall Ancestor, Ancestor Identity, Transference


You were on level 4 of the Dungeon.
You worshipped Hepliaklqana.
Hepliaklqana was most pleased with you.
You visited 1 branch of the dungeon, and saw 4 of its levels.

You collected 288 gold pieces.

Inventory:

Hand Weapons
 h - the +4 war axe "Yjiesch" (weapon) {heavy, SInv}
   (You found it on level 2 of the Dungeon)

   SInv:      It lets you see invisible.
Armour
 c - a +0 kite shield (worn)
 e - a scarf of resistance (worn)
 f - a +0 scale mail (worn)
Jewellery
 j - a ring of see invisible
 u - a +6 ring of intelligence (right claw)
 v - a +5 ring of evasion (left claw)
Scrolls
 d - 4 scrolls of identify {unknown}
 m - a scroll of vulnerability {unknown}
 n - 2 scrolls of fog {unknown}
 o - 2 scrolls of amnesia {unknown}
 q - 2 scrolls of fear {unknown}
 r - a scroll of teleportation {unknown}
 t - a scroll of poison {unknown}
 w - a scroll of magic mapping {unknown}
Potions
 a - 2 potions of berserk rage {unknown}
 g - 2 potions of haste {unknown}
 i - a potion of curing {unknown}
 k - a potion of flight {unknown}
 l - a potion of brilliance {unknown}
 p - a potion of cancellation {unknown}
 s - a potion of resistance {unknown}


   Skills:
 + Level 4.1 Fighting
 + Level 1.5 Armour
 + Level 3.3 Dodging
 - Level 2.1 Stealth
 + Level 1.5 Shields
 * Level 4.8 Unarmed Combat


You had 4 spell levels left.
You didn't know any spells.
Your spell library was empty.

Dungeon Overview and Level Annotations

Branches:
Dungeon (4/15)             Temple (0/1) D:4

Altars:
Fedhas
Hepliaklqana


Innate Abilities, Weirdness & Mutations

Your life essence is reduced to manifest your ancestor. (-10% HP)
You are immune to poison.
You have sharp fingernails.
Your flesh is cold resistant. (rC+)
You are immune to negative energy. (rN+++)
You do not regenerate when monsters are visible.
You are immune to unholy pain and torment.
You thrive by killing the living.


Message History

You are too injured to fight recklessly!
You are too injured to fight recklessly!
You are too injured to fight recklessly!
You are too injured to fight recklessly!
You are too injured to fight recklessly!
You slash the orc!
You kill the orc!
The orc priest barely misses Takurtum.
Takurtum casts a spell at the orc priest.
The orc priest resists with some effort.
The orc priest hits Takurtum with a +0 hand axe.
Takurtum hits the orc priest with a +0 dagger of draining!
The orc priest hits Takurtum with a +0 hand axe.
The orc hits Takurtum with a +0 club.
You swap places.
The orc hits Takurtum with a +0 club.
The orc priest hits you with a +0 hand axe.
* * * LOW HITPOINT WARNING * * *
The orc priest hits Takurtum with a +0 hand axe.
Takurtum is destroyed!
Things that are here:
a +0 whip; a +0 leather armour You barely miss the orc priest.
The orc priest is heavily wounded.
You slash the orc!
You kill the orc!
The orc priest hits you with a +0 hand axe.
* * * LOW HITPOINT WARNING * * *
The orc priest hits you but does no damage.
You block the orc's attack.
You barely miss the orc priest.
The orc priest is heavily wounded.
You hit the orc. The orc barely misses you.
The orc priest hits you with a +0 hand axe.
* * * LOW HITPOINT WARNING * * *
The orc wizard gestures wildly while chanting.
The orc wizard flickers and vanishes for a moment.
The orc priest hits you with a +0 hand axe.
* * * LOW HITPOINT WARNING * * *
The orc hits you with a +0 dagger.
You die...

..# ... #.###..
########...#
#.....###..........#
#.....##...........#
###.....#$...........#
.<......#⌠...........#
##..))..#............####
.##))...##...o.o...>....#
.....#).###....o@)...#
.....')..#########...#
.....#.#.............#
.#.#.#............#...#
#.##.#.##########.#...#
.# #.#.# #.#...# .
#.#'####### ##.....#
#.........# ........
###)....#.#.......###
#####


You could see an orc priest, an orc wizard (invisible) and an orc.

Vanquished Creatures
  An orc priest (D:4)
  3 gnolls
  4 adders
  2 worms
  2 dart slugs
  6 orcs
  3 endoplasms
  7 goblins
  3 hobgoblins
  9 jackals
  6 kobolds
  2 quokkas (D:2)
  2 ball pythons (D:2)
  2 bats
  5 frilled lizards
  6 rats
63 creatures vanquished.

Vanquished Creatures (collateral kills)
  A gnoll (D:4)
  A goblin (D:2)
  A hobgoblin (D:3)
  5 jackals (D:3)
  A quokka (D:3)
  A rat (D:3)
10 creatures vanquished.

Vanquished Creatures (others)
  A hexer (D:4)
  2 plants (D:3)
3 creatures vanquished.

Grand Total: 76 creatures vanquished

Notes
Turn   | Place    | Note
-------+----------+-------------------------------------------
     0 | D:1      | CowFu the Ghoul Monk began the quest for the Orb.
     0 | D:1      | Reached XP level 1. HP: 19/19 MP: 0/0
   172 | D:1      | Reached XP level 2. HP: 26/26 MP: 1/1
   552 | D:1      | Reached XP level 3. HP: 31/31 MP: 2/2
   914 | D:2      | Identified the +4 war axe "Yjiesch" {heavy, SInv}
  1012 | D:2      | Reached skill level 1 in Shields
  1047 | D:2      | Found a hazy altar of Hepliaklqana.
  1055 | D:2      | Found a faded altar of an unknown god.
  1076 | D:2      | Became a worshipper of Hepliaklqana the Forgotten
  1076 | D:2      | Reached * piety under Hepliaklqana
  1076 | D:2      | Reached ** piety under Hepliaklqana
  1092 | D:2      | Remembered your ancestor Takurtum as a hexer
  1344 | D:2      | Reached XP level 4. HP: 35/35 MP: 3/3
  1380 | D:2      | Reached skill level 1 in Armour
  1626 | D:3      | Identified the +1 robe of Proximity {rF+ Int+2}
  1907 | D:3      | Reached XP level 5. HP: 41/41 MP: 4/4
  1938 | D:3      | Found a blossoming altar of Fedhas.
  2047 | D:4      | Found a staircase to the Ecumenical Temple.
  2365 | D:4      | Reached *** piety under Hepliaklqana
  2413 | D:4      | HP: 2/41 [orc priest/+0 hand axe (1)]
  2413 | D:4      | Slain by an orc

Illustrated notes

Levels and vault maps discovered:
D:1:      dpeg_arrival_central, layout_loops_ring
D:2:      minmay_chambers_of_ones, layout_basic, basic_altar,
          dreamdust_ecumenical_altar_statues
D:3:      layout_rooms, lemuel_coloured_pillars_altar, serial_bayou_ford_a
D:4:      cheibrodos_pilgrimage, layout_basic, xom_teletrap_fun,
          minmay_temple_entry_mist, serial_co_window_serial, co_window_paths_b,
          co_window_cross_1, co_window_corner_a, co_window_paths_b,
          co_window_paths_b, co_window_corner_ca, co_window_unsneaky_path_d,
          co_window_unsneaky_path_c, co_window_paths_c, co_window_corner_cb,
          co_window_corner_ca, co_window_4corner_a, glass_columns_c,
          glass_columns_a, glass_columns_b, glass_columns_a, glass_columns_a,
          chequers_jeans, chequers_serial_rivers_micro_a

Skill      XL: |  1  2  3  4  5 |
---------------+----------------+-----
Dodging        | 3 |  3.3
Shields        | 1 |  1.5
Unarmed Combat | 4 |  4.8
Armour         | 1 |  1.5
Fighting       | 4 |  4.1
Stealth        | |  2.1

Action                     |  1- 3 |  4- 6 || total
---------------------------+-------+-------++-------
  Melee: Unarmed           |    65 |       ||    65
         War axe           |    25 |    67 ||    92
 Invoke: Ancestor Life: He |     1 |       ||     1
    Use: Potion            |       |     1 ||     1
   Stab: Sleeping          |     1 |       ||     1
         Confused          |       |     1 ||     1
 Armour: Scale mail        |    37 |    44 ||    81
         Robe              |     3 |       ||     3
  Dodge: Dodged            |    41 |    46 ||    87
  Block: Kite shield       |    30 |    40 ||    70

Table legend: (Time is in decaauts)
 A = Elapsed time spent in this place.
 B = Non-inter-level travel time spent in this place.
 C = Inter-level travel time spent in this place.
 D = Time resting spent in this place.
 E = Time spent auto-exploring this place.
 F = Levels seen in this place.
 G = Mean time per level.
                   A        B        C        D        E       F      G
               +--------+--------+--------+--------+--------+-----+--------+
         Total |   2555 |   2529 |     26 |      0 |   1924 |   4 |  638.8 |
       Dungeon |   2555 |   2529 |     26 |      0 |   1924 |   4 |  638.8 |
               +--------+--------+--------+--------+--------+-----+--------+

Top non-repeatable levels by time:
     D:1: 886 daAuts
     D:2: 752 daAuts
     D:3: 531 daAuts
     D:4: 385 daAuts
